 Dungeon Crawl Stone Soup version 0.29-a0-565-g7a16c6de65 (webtiles) character file.

Game seed: 8969887447494500220

42 Querens the Shield-Bearer (level 3, -3/45 HPs)
             Began as a Formicid Fighter on June 12, 2022.
             Slain by Sigmund
             ... wielding a +0 scythe
              (9 damage)
             ... on level 2 of the Dungeon.
             The game lasted 00:03:20 (814 turns).

Querens the Shield-Bearer (Formicid Fighter)         Turns: 814, Time: 00:03:20

Health: -3/45      AC: 21    Str: 22    XL:     3   Next: 77%
Magic:  3/3        EV:  2    Int:  7    God:
Gold:   86         SH:  4    Dex: 10    Spells: 2/2 levels left

rFire   . . .      SeeInvis .   a - +0 war axe
rCold   . . .      Faith    .   c - +0 buckler
rNeg    . . .      Spirit   .   (body armour currently unavailable)
rPois   +          Reflect  .   (helmet unavailable)
rElec   .          Harm     .   (cloak currently unavailable)
rCorr   .          Rampage  .   (gloves currently unavailable)
Will    .....                   (boots currently unavailable)
Stlth   +.........              (no amulet)
HPRegen 0.15/turn               (no ring)
MPRegen 0.08/turn               (no ring)

@: mighty, tree-form
A: stationary, stasis, torment immunity, boosted hp, permanent stasis, dig
shafts and tunnels, (antennae 3), four strong arms
a: no special abilities


You were on level 2 of the Dungeon.
You were a tree.
You visited 1 branch of the dungeon, and saw 2 of its levels.

You collected 86 gold pieces.

Inventory:

Hand Weapons
 a - a +0 war axe (weapon)
Armour
 c - a +0 buckler (worn)
 j - a +0 plate armour (melded)
Jewellery
 b - a ring of wizardry
 f - a +6 ring of intelligence
Scrolls
 e - 2 scrolls of identify {unknown}
 g - a scroll of poison {unknown}
 k - a scroll of immolation {unknown}
Potions
 d - 2 potions of might
 i - a potion of lignification


   Skills:
 + Level 3.8 Fighting
 + Level 2.5 Axes
 + Level 3.7 Armour
 + Level 4.5 Shields


You had 2 spell levels left.
You didn't know any spells.
Your spell library contained the following spells:

 Spells                   Type           Power      Damage    Failure   Level
 Ensorcelled Hibernation  Hex/Ice        0%         N/A       65%         2
 Spider Form              Tmut/Pois      0%         N/A       86%         3
 Anguish                  Hex/Necr       0%         N/A       99%         4


Dungeon Overview and Level Annotations

Branches:
Dungeon (2/15)

Altars:

Annotations:
D:2 Sigmund


Innate Abilities, Weirdness & Mutations

You are a tree.
Your roots penetrate the ground, keeping you stationary.
You cannot be teleported.
You are immune to unholy pain and torment.
Your maximum health is greatly increased.
Your equipment is partially melded.
You cannot be hasted, slowed, berserked, paralysed or teleported.
You can dig through walls and to a lower floor.
((You have a pair of large antennae on your head. (SInv)))
Your four strong arms can wield two-handed weapons with a shield.


Message History

The worm bites you but does no damage.
You slash the worm!
The worm is severely wounded.
The worm barely misses you.
You slash the worm!
You kill the worm!
No target in view!
Found a gold piece.
Found 9 gold pieces.
Found a book of Dreams.
You now have 72 gold pieces (gained 1).
Found 14 gold pieces.
You pick up a book of Dreams and begin reading...
You add the spells Ensorcelled Hibernation, Spider Form and Anguish to your library.
Found 13 stones.
Found a dagger.
You now have 86 gold pieces (gained 14).
Found a scroll labelled PIDA JEKORUUM.
k - a scroll labelled PIDA JEKORUUM Sigmund the Dreaded comes into view.
He is wielding a +0 scythe, wearing a +2 robe of cold resistance and carrying a wand of flame (13).
You see here a +0 dagger.
Sigmund zaps a wand.
The puff of flame hits you but does no damage.
Sigmund gestures at you while chanting. The magic dart hits you!
You feel very mighty all of a sudden.
Sigmund hits you from afar with a +0 scythe!
You slash Sigmund!
Sigmund is moderately wounded.
Sigmund zaps a wand.
The puff of flame hits you.
Sigmund zaps a wand.
The puff of flame hits you!
* * * LOW HITPOINT WARNING * * *
It was a potion of lignification.
You turn into a tree.
Your +0 plate armour melds into your body.
Your roots penetrate the ground.
You block Sigmund's attack.
It was a potion of flight.
Your roots keep you in place.
You slash Sigmund!
Sigmund is heavily wounded.
Sigmund hits you with a +0 scythe!
You die...

. #........# # .
#........# ..###.
####..#### ...#.
#...#
#...####)#.#
#.........#
###.......#
.#######......#
......@♣..(...#
##.#..........###
#...###........#
### ######.#.#
#.#..# #.#..#
#.#..# #..#
#.#### ####...#
#.#


You could see Sigmund.

Vanquished Creatures
  A gnoll (D:1)
  A worm (D:2)
  3 endoplasms
  A giant cockroach (D:1)
  5 goblins
  2 hobgoblins
  2 jackals (D:1)
  2 kobolds (D:2)
  2 quokkas
  3 bats
  2 frilled lizards (D:1)
  A rat (D:1)
25 creatures vanquished.

Notes
Turn   | Place    | Note
-------+----------+-------------------------------------------
     0 | D:1      | Querens the Formicid Fighter began the quest for the Orb.
     0 | D:1      | Reached XP level 1. HP: 18/18 MP: 1/1
   193 | D:1      | Reached XP level 2. HP: 22/24 MP: 2/2
   216 | D:1      | Found a faded altar of an unknown god.
   275 | D:1      | Reached XP level 3. HP: 28/29 MP: 3/3
   805 | D:2      | Noticed Sigmund
   814 | D:2      | Slain by Sigmund

Illustrated notes

Levels and vault maps discovered:
D:1:      kennysheep_arrival_forest, layout_loops_cross, basic_ecumenical_altar
D:2:      layout_rooms, minmay_tetromino_t4, uniq_sigmund

Action                   || total
-------------------------++-------
Melee: War axe           ||    70
  Use: Potion            ||     3
Armor: Scale mail        ||    20
       Plate armour      ||    24
Dodge: Dodged            ||    21
Block: Buckler           ||    13

Table legend: (Time is in decaauts)
 A = Elapsed time spent in this place.
 B = Non-inter-level travel time spent in this place.
 C = Inter-level travel time spent in this place.
 D = Time resting spent in this place.
 E = Time spent auto-exploring this place.
 F = Levels seen in this place.
 G = Mean time per level.
                   A        B        C        D        E       F      G
               +--------+--------+--------+--------+--------+-----+--------+
         Total |    843 |    837 |      6 |      0 |      0 |   2 |  421.5 |
       Dungeon |    843 |    837 |      6 |      0 |      0 |   2 |  421.5 |
               +--------+--------+--------+--------+--------+-----+--------+

Top non-repeatable levels by time:
     D:1: 637 daAuts
     D:2: 205 daAuts
